 Dungeon Crawl Stone Soup version 0.19-a0-733-geeb8733 (webtiles) character file.

21 MrRokkomies the Skirmisher (level 2, 0/27 HPs)
             Began as a Ghoul Monk on June 22, 2016.
             Slain by a goblin
             ... wielding a +0 dagger
             ... led by Robin
              (4 damage)
             ... on level 2 of the Dungeon.
             The game lasted 00:01:38 (792 turns).

MrRokkomies the Skirmisher (Ghoul Monk)              Turns: 792, Time: 00:01:39

Health: 0/27       AC:  3    Str: 14    XL:     2   Next: 87%
Magic:  1/1        EV: 12    Int:  5    God:
Gold:   104        SH:  0    Dex: 11    Spells: 0 memorised, 1 level left

rFire  . . .     SeeInvis .       - Unarmed
rCold  + . .     Gourm    .     a - +0 robe
rNeg   + + +     Faith    .     (no shield)
rPois  ∞         Spirit   .     m - +0 helmet (curse)
rElec  .         Dismiss  .     (no cloak)
rCorr  .         Reflect  .     (no gloves)
SustAt .         Harm     .     (no boots)
MR     .....                    (no amulet)
Stlth  ++........               (no ring)
                                (no ring)

@: rotting, not resistant to hostile enchantments, unstealthy
A: rotting body, claws 1, carnivore 3, cold resistance 1, negative energy
resistance 3, slow regeneration 1, torment resistance, unbreathing
a: no special abilities


You were on level 2 of the Dungeon.
You were not hungry.

You visited 1 branch of the dungeon, and saw 2 of its levels.

You collected 104 gold pieces.

Inventory:

Missiles
 h - 7 javelins of returning (quivered)
Armour
 a - a +0 robe (worn)
 m - a cursed +0 helmet (worn)
Scrolls
 c - a scroll of teleportation {unknown}
 e - a scroll of recharging {unknown}
 g - a scroll of enchant armour {unknown}
 i - a scroll of identify {unknown}
Potions
 d - a potion of heal wounds {unknown}
 f - 2 potions of cure mutation {unknown}
 k - a potion of curing {unknown}
 l - a potion of degeneration {unknown}
 n - a potion of cancellation {unknown}
Comestibles
 b - 3 meat rations
 j - 3 chunks of flesh


   Skills:
 * Level 3.9 Fighting
 - Level 2.6 Dodging
 - Level 2.1 Stealth
 * Level 3.8 Unarmed Combat


You had one spell level left.
You didn't know any spells.

Dungeon Overview and Level Annotations

Branches:
Dungeon (2/15)

Altars:

Annotations:
D:2 Robin


Innate Abilities, Weirdness & Mutations

Your body is rotting away.
You thrive on raw meat.
You are immune to poison.
You have sharp fingernails.
You are carnivorous and can eat meat at any time.
Your flesh is cold resistant. (rC+)
You are immune to negative energy. (rN+++)
You regenerate slowly when monsters are visible.
You are immune to unholy pain and torment.
You can survive without breathing.


Message History

Unknown command.
You barely miss the goblin. Your claw misses the goblin.
The quokka barely misses you. The goblin hits you but does no damage.
The goblin completely misses you.
You scratch the goblin but do no damage.
The quokka bites you. Robin throws the goblin at you!
The goblin hits you but does no damage. The goblin barely misses you.
You scratch the goblin but do no damage.
The quokka bites you. The goblin closely misses you.
You barely miss the goblin. The goblin hits you with a dagger.
* * * LOW HITPOINT WARNING * * *
The goblin barely misses you. The quokka closely misses you.
The goblin closely misses you.
You barely miss the goblin. The goblin misses you.
The goblin closely misses you. The quokka bites you.
* * * LOW HITPOINT WARNING * * *
You barely miss the goblin. The goblin hits you with a club.
* * * LOW HITPOINT WARNING * * *
The quokka closely misses you. The goblin hits you with a dagger.
You die...

#.# ##### #.#
##...## ...##
#######.###.#
#...###.##....# #.#
##.........##<###.#
#....##.######...##
.#..#.#.#
##g########
...###..#####
#g@gggg..#
.##.#.......#
##r##g##.#
............# #.#
.###........# ...
.# #.(......# #.##
.# ##.......# #.#
.. #.......# #.. .#
#.......# ### ..
#########


You could see Robin, a quokka, a hobgoblin and 5 goblins.

Vanquished Creatures
  2 dart slugs (D:1)
  A giant gecko (D:1)
  2 giant cockroaches
  A goblin (D:2)
  A hobgoblin (D:1)
  4 kobolds (D:1)
  3 bats
  A giant newt (D:1)
  2 rats (D:1)
17 creatures vanquished.

Notes
Turn   | Place    | Note
--------------------------------------------------------------
     0 | D:1      | MrRokkomies the Ghoul Monk began the quest for the Orb.
     0 | D:1      | Reached XP level 1. HP: 19/19 MP: 0/0
   243 | D:1      | Reached XP level 2. HP: 26/26 MP: 1/1
   780 | D:2      | Noticed Robin
   792 | D:2      | Slain by a goblin

Vault maps used:
D:1:      dpeg_arrival_tiny_i
D:2:      lemuel_coloured_pillars_altar, fedhas_altar_fruit_tree,
          marbit_many_paths, zin_scriptorium, uniq_robin

Action                   || total
-------------------------++-------
Melee: Unarmed           ||    46
 Stab: Sleeping          ||     3
  Eat: Chunk             ||     2
Armor: Robe              ||    14
Dodge: Dodged            ||    45
